 Dungeon Crawl Stone Soup version 0.31-a0-263-ge8cad7f256 (webtiles) character file.

Game seed: 975603599701805592

232 qw the Shooter (level 6, -4/37 HPs)
             Began as a Gargoyle Hexslinger on July 13, 2023.
             Killed from afar by an orc wizard (7 damage)
             ... with a puff of flame
             ... on level 4 of the Dungeon.
             The game lasted 00:01:00 (2015 turns).

qw the Shooter (Gargoyle Hexslinger)                Turns: 2015, Time: 00:01:01

Health: -4/37      AC: 11    Str: 15 (18) XL:     6   Next: 4%
Magic:  7/7        EV: 10    Int: 12 (13) God:
Gold:   114        SH:  0    Dex: 13 (14) Spells: 6/7 levels left

rFire   . . .        Y - +2 sling
rCold   . . .        (no shield)
rNeg    + . .        h - +0 ring mail
rPois   inf          f - +2 hat
rElec   +            (no cloak)
rCorr   .            (no gloves)
SInv    .            (no boots)
Will    .....        (no amulet)
Stlth   +            d - +6 ring of strength
HPRegen 0.26/turn    (no ring)
MPRegen 0.10/turn

%: no passive effects
@: no status effects
A: sickness immunity, AC +4, negative energy resistance 1, electricity
resistance, torment resistance 1, petrification resistance
a: no special abilities


You were on level 4 of the Dungeon.
You visited 1 branch of the dungeon, and saw 4 of its levels.

You collected 114 gold pieces.


Innate Abilities, Weirdness & Mutations

You are immune to sickness and miasma.
Your stone body is resilient. (AC +4)
You are immune to poison.
You resist negative energy. (rN+)
You are resistant to electric shocks. (rElec)
You are resistant to unholy torment.
You are immune to petrification.


   Skills:
 - Level 3.3 Fighting
 + Level 5.1 Ranged Weapons
 - Level 1.0 Armour
 - Level 1.5 Dodging
 - Level 1.0 Spellcasting
 - Level 2.6 Hexes


You had 6 spell levels left.
You knew the following spells:

 Your Spells              Type           Power      Damage    Failure   Level
a - Slow                  Hex            28%        N/A       21%         1

Your spell library contained the following spells:

 Spells                   Type           Power      Damage    Failure   Level
 Inner Flame              Hex/Fire       3%         N/A       71%         3
 Portal Projectile        Hex/Tloc       6%         N/A       71%         3
 Cause Fear               Hex            3%         N/A       89%         4

Inventory:

Hand Weapons
 Y - a +2 sling (weapon)
Armour
 f - a +2 hat (worn)
 h - a +0 ring mail (worn)
Jewellery
 c - a ring of fire
 d - a +6 ring of strength (left hand)
Scrolls
 a - a scroll of identify
Potions
 e - a potion of enlightenment
 g - a potion of curing {unknown}

Dungeon Overview and Level Annotations

Branches:
Dungeon (4/15)
 Temple: D:4-7

Altars:


Message History

You shoot a sling bullet.
The sling bullet hits the orc but does no damage.
You hear some strange, mumbled words.
You are confused.
The orc hits you but does no damage. x2; Something hits you but does no damage.
The orc hits you but does no damage. x3
The orc closely misses you. The orc barely misses you.
You hear some strange, mumbled words.
A magic dart appears from out of thin air!
The magic dart hits you but does no damage.
The orc hits you with a +0 club.
The orc barely misses you. x2; Something hits you but does no damage.
The orc hits you but does no damage. The orc hits you but does no damage.
Something hits you but does no damage. The orc hits you with a +0 club.
The orc closely misses you. The orc hits you but does no damage.
Something hits you but does no damage. The orc barely misses you.
The orc completely misses you.
You feel less confused. The orc closely misses you.
Something hits you but does no damage.
The orc hits you from afar with a +0 trident.
The orc closely misses you.
You shoot a sling bullet.
The sling bullet closely misses the orc.
The orc closely misses you. The orc hits you but does no damage.
Something hits you. The orc misses you.
You shoot a sling bullet. The sling bullet hits the orc.
The orc is lightly wounded.
The orc hits you but does no damage. x2; Something hits you.
The orc hits you but does no damage.
You shoot a sling bullet.
The sling bullet hits the orc but does no damage.
The orc is lightly wounded.
The orc hits you with a +0 whip. Something hits you but does no damage.
The orc hits you with a +0 club. The orc hits you but does no damage.
You shoot a sling bullet.
The sling bullet closely misses the orc.
You hear some strange, mumbled words.
A puff of flame appears from out of thin air!
The puff of flame hits you!
You die...

................^....
..#.............#
##...........#..#.#####
#........|####.........
#..#####.####..#.#####
#..####........#.#
#.....#..####..#.#
#....o...........#
#..o.@#..##.#..###
......{o...##.....#
.##..####..##.##.####
.... ............# ..#
#.....##.##.# .
#........<#.#
##.##.#####.# # #.# .#
.#


You could see 3 orcs.

Vanquished Creatures
  A scorpion (D:3)
  An orc wizard (D:3)
  4 gnolls (D:2)
  5 adders
  3 dart slugs
  3 orcs
  4 ball pythons
  3 bats
  9 endoplasms
  A giant cockroach (D:1)
  7 goblins
  3 hobgoblins (D:2)
  2 quokkas
  3 frilled lizards
  6 kobolds
  3 rats
58 creatures vanquished.

Notes
Turn   | Place    | Note
-------+----------+-------------------------------------------
     0 | D:1      | qw the Gargoyle Hexslinger began the quest for the Orb.
     0 | D:1      | Reached XP level 1. HP: 12/12 MP: 2/2
     0 | D:1      | 0 ||| qw: Version: 0.3-a-52-g30416fa
     0 | D:1      | 0 ||| qw: Game counter: 7102
     0 | D:1      | 0 ||| qw: Melee chars always use a shield: true
     0 | D:1      | 0 ||| qw: God list: Okawaru
     0 | D:1      | 0 ||| qw: Allow faded altars: false
     0 | D:1      | 0 ||| qw: Do Orc after clearing Dungeon:15 true
     0 | D:1      | 0 ||| qw: Do second Lair branch before Depths: true
     0 | D:1      | 0 ||| qw: Lair rune preference: random
     0 | D:1      | 0 ||| qw: Goals: Normal
     0 | D:1      | 0 ||| PLANNING D:1-11
   115 | D:1      | Reached XP level 2. HP: 14/16 MP: 3/3
   146 | D:1      | 146 ||| FLEEEEING.
   147 | D:1      | 147 ||| FLEEEEING.
   164 | D:1      | Reached skill level 3 in Ranged Weapons
   354 | D:1      | Reached XP level 3. HP: 21/21 MP: 4/4
   603 | D:1      | 603 ||| UPGRADING to +0 leather armour.
   613 | D:1      | 613 ||| DROPPING +0 robe.
   614 | D:1      | 614 ||| UPGRADING to +0 ring mail.
   624 | D:1      | 624 ||| DROPPING +0 leather armour.
   625 | D:1      | 625 ||| READING 4 scrolls labelled RER EX CAMPI.
   626 | D:1      | 626 ||| READING scroll labelled DAQASA ONOI.
   627 | D:1      | 627 ||| READING scroll labelled MIXIFUWK WUNK.
   628 | D:1      | 628 ||| READING scroll labelled MYCEOCSOZEI.
   629 | D:1      | 629 ||| READING scroll labelled SEQUZE XOXO.
   630 | D:1      | 630 ||| READING 3 scrolls of identify.
   630 | D:1      | 630 ||| IDENTIFYING white potion
   631 | D:1      | 631 ||| READING 2 scrolls of identify.
   631 | D:1      | 631 ||| IDENTIFYING murky white potion
   632 | D:1      | 632 ||| DROPPING scroll of poison.
   633 | D:1      | 633 ||| DROPPING potion of attraction.
   634 | D:1      | 634 ||| DROPPING potion of lignification.
   816 | D:2      | Found a faded altar of an unknown god.
   833 | D:2      | Reached XP level 4. HP: 20/26 MP: 5/5
   835 | D:2      | Reached skill level 4 in Ranged Weapons
   975 | D:2      | Reached skill level 1 in Armour
  1290 | D:2      | 1290 ||| UPGRADING to +1 hat.
  1295 | D:2      | 1295 ||| UPGRADING to +6 ring of strength.
  1296 | D:2      | 1296 ||| READING scroll labelled FISCHO MYPHENU.
  1507 | D:3      | Reached XP level 5. HP: 30/30 MP: 6/6
  1546 | D:3      | Reached skill level 5 in Ranged Weapons
  1620 | D:3      | 1620 ||| READING scroll of enchant armour.
  1620 | D:3      | 1620 ||| ENCHANTING +1 hat.
  1662 | D:3      | Reached skill level 3 in Fighting
  1703 | D:3      | Reached XP level 6. HP: 37/37 MP: 7/7
  1938 | D:3      | 1938 ||| READING scroll labelled TIPEVV BIKUUR.
  1941 | D:3      | 1941 ||| DRINKING 4 inky potions.
  1942 | D:3      | 1942 ||| DRINKING 2 orange potions.
  1943 | D:3      | 1943 ||| READING 2 scrolls of identify.
  1943 | D:3      | 1943 ||| IDENTIFYING fuming sapphire potion
  1944 | D:3      | 1944 ||| DROPPING 3 potions of brilliance.
  1945 | D:3      | 1945 ||| DROPPING potion of degeneration.
  2011 | D:4      | HP: 8/37 [orc/+0 trident (5)]
  2014 | D:4      | HP: 3/37 [orc/+0 whip (2)]
  2015 | D:4      | Killed from afar by an orc wizard

Levels and vault maps discovered:
D:1:      dpeg_arrival_connections, layout_basic
D:2:      layout_basic, ebering_ecumenical_altar_petrified
D:3:      layout_loops_ring
D:4:      minmay_angry_zag, layout_basic, lemuel_blue_sif_altar, uniq_ijyb

Skill      XL: |  1  2  3  4  5 |
---------------+----------------+-----
Ranged Weapons | 3 4 5 |  5.1
Fighting       | 2 3 |  3.3
Armour         | 1 |  1.0
Dodging        | |  1.5
Spellcasting   | |  1.0
Hexes          | |  2.6

Action                     |  1- 3 |  4- 6 || total
---------------------------+-------+-------++-------
   Fire: Sling             |   116 |   119 ||   235
    Use: Scroll            |     7 |     4 ||    11
         Potion            |       |     2 ||     2
 Armour: Robe              |    18 |       ||    18
         Ring mail         |    11 |    78 ||    89
  Dodge: Dodged            |    37 |    70 ||   107

Table legend:
 A = Non-vault XP
 B = Vault XP
 C = Vault XP percentage of total XP
 D = Non-vault monster count
 E = Vault monster count
 F = Vault count percentage of total count
                 A         B        C        D         E       F
            +---------+---------+-------+---------+---------+-------
      Total |     332 |       0 |   0.0 |      58 |       0 |   0.0
            +---------+---------+-------+---------+---------+-------
        D:1 |      44 |       0 |   0.0 |      24 |       0 |   0.0
        D:2 |     103 |       0 |   0.0 |      16 |       0 |   0.0
        D:3 |     182 |       0 |   0.0 |      17 |       0 |   0.0
        D:4 |       3 |       0 |   0.0 |       1 |       0 |   0.0
            +---------+---------+-------+---------+---------+-------
